 Dungeon Crawl Stone Soup version 0.29-a0-323-g050149af67 (webtiles) character file.

Game seed: 13966222300906850718

1228 kae the Gusty (level 8, -22/67 HPs)
             Began as an Ogre Air Elementalist on Apr 10, 2022.
             Was an Initiate of Gozag.
             Killed from afar by Maggie (24 damage)
             ... with a bolt of fire
             ... on level 6 of the Dungeon.
             The game lasted 00:04:27 (7969 turns).

kae the Gusty (Ogre Air Elementalist)               Turns: 7969, Time: 00:04:28

Health: -22/67     AC:  4    Str: 13    XL:     8   Next: 48%
Magic:  1/16       EV:  9    Int: 18    God:    Gozag
Gold:   670        SH:  5    Dex:  9    Spells: 8/18 levels left

rFire   . . .      SeeInvis .   p - +5 club
rCold   . . .      Faith    .   (no shield)
rNeg    . . .      Spirit   .   a - +1 robe
rPois   .          Reflect  +   (helmet restricted)
rElec   .          Harm     .   (no cloak)
rCorr   .          Rampage  .   (gloves unavailable)
Will    .....                   (boots unavailable)
Stlth   +.........              h - amulet of reflection
HPRegen 0.21/turn               j - ring of flight
MPRegen 0.15/turn               (no ring)

@: flying, mesmerised
A: large, unfitting armour, tough skin 1
a: Renounce Religion, Potion Petition, Call Merchant, Bribe Branch


You were on level 6 of the Dungeon.
You worshipped Gozag.
Gozag was pleased with you.
You visited 2 branches of the dungeon, and saw 7 of its levels.

You collected 739 gold pieces.
You paid 69 gold pieces to Gozag.

Inventory:

Hand Weapons
 e - a +0 club
 i - a +1 whip
 p - a +5 club (weapon)
Armour
 a - a +1 robe (worn)
Jewellery
 h - an amulet of reflection (around neck)
 j - a ring of flight (left hand)
 q - a ring of magical power
Wands
 g - a wand of digging (7)
 l - a wand of paralysis (6)
Potions
 b - 2 potions of magic
 c - 4 potions of attraction
 f - a potion of haste {unknown}
 k - 3 potions of curing
 m - a potion of flight


   Skills:
 - Level 1.7 Dodging
 - Level 1.4 Stealth
 + Level 5.8 Spellcasting
 + Level 4.5 Conjurations
 * Level 7.0 Air Magic


You had 8 spell levels left.
You knew the following spells:

 Your Spells              Type           Power      Damage    Failure   Level
a - Shock                 Conj/Air       100%       1d9       1%          1
b - Static Discharge      Conj/Air       26%        N/A       1%          2
c - Swiftness             Air            30%        N/A       1%          3
d - Airstrike             Air            15%        N/A       7%          4

Your spell library contained the following spells:

 Spells                   Type           Power      Damage    Failure   Level
 Mephitic Cloud           Conj/Pois/Air  19%        N/A       8%          3
 Dazzling Flash           Conj/Hex       26%        N/A       14%         3
 Call Canine Familiar     Summ           5%         N/A       36%         3
 Ignite Poison            Fire/Tmut/Pois 5%         N/A       36%         3
 Portal Projectile        Hex/Tloc       10%        N/A       36%         3
 Iskenderun's Mystic Bla  Conj/Tloc      13%        2d5       43%         4
 Freezing Cloud           Conj/Ice/Air   9%         6-21      56%         5
 Leda's Liquefaction      Hex/Erth       2%         N/A       77%         4
 Starburst                Conj/Fire      6%         6d4       100%        6


Dungeon Overview and Level Annotations

Branches:
Dungeon (6/15)             Temple (1/1) D:4

Altars:
Ashenzari
Cheibriados
Dithmenos
Elyvilon
Fedhas
Gozag
Hepliaklqana
Kikubaaqudgha
Makhleb
Nemelex Xobeh
Okawaru
Qazlal
Ru
Sif Muna
Trog
Uskayaw
Vehumet
Wu Jian
Xom
Zin
The Shining One

Shops:
D:5 (

Annotations:
D:6 Maggie


Innate Abilities, Weirdness & Mutations

You are too large for most types of armour.
You have tough skin. (AC +1)


Message History

Maggie is struck by an arc of lightning.
Maggie is heavily wounded.
The lightning grounds out.
Maggie barely misses you. You block Maggie's attack.
Casting: Static Discharge (safe; 1% risk of failure)
Confirm with . or Enter, or press ? or * to list all spells.
Maggie is struck by an arc of lightning!
Maggie is heavily wounded.
You are struck by an arc of lightning.
Maggie is struck by an arc of lightning.
Maggie is severely wounded.
The lightning grounds out.
Maggie gestures at you while chanting. The bolt of fire hits you!
Maggie hits you with a +0 war axe!
Casting: Static Discharge (safe; 1% risk of failure)
Confirm with . or Enter, or press ? or * to list all spells.
Maggie is struck by an arc of lightning.
Maggie is severely wounded.
You are struck by an arc of lightning.
Maggie is struck by an arc of lightning.
Maggie is severely wounded.
The lightning grounds out.
Maggie casts a spell at you. The bolt of fire hits you!!
* * * LOW HITPOINT WARNING * * *
You block Maggie's attack.
Casting: Static Discharge (safe; 1% risk of failure)
Confirm with . or Enter, or press ? or * to list all spells.
Maggie is struck by an arc of lightning.
Maggie is almost dead.
You are struck by an arc of lightning.
* * * LOW HITPOINT WARNING * * *
Maggie is struck by an arc of lightning.
Maggie is almost dead.
The lightning grounds out.
Maggie points at you and mumbles some strange words.
The bolt of fire hits you!!
You die...
Your body crumbles into a pile of gold.

.#.###.# #####.....#)##.#
#. #.##..# ###?.......# .
###....# ####.......##
....#......###.....##.#.##
$
......$$..###..###.##....#
.....#.#.###..## #.####...
.@. ...#.....## #.# ####.
. ..#.##.@########.# #....
... #. #.@.......5.# ##+##
.. #. #.######## ## . .
#.# . #.# #.# ... $ .## .


You could see Maggie (mesmerising).

Vanquished Creatures
  An ice beast (D:6)
  4 phantoms
  Blork the orc (D:5)
  2 gnoll sergeants
  3 scorpions (D:5)
  4 hounds
  3 iguanas
  Ijyb (D:4)
  Robin (D:3)
  8 gnolls
  7 adders
  A shadow imp (D:4)
  An ufetubus (D:6)
  2 dart slugs (D:1)
  4 orcs
  4 endoplasms
  10 giant cockroaches
  12 goblins
  8 hobgoblins
  5 jackals
  5 quokkas
  6 ball pythons
  4 bats
  4 frilled lizards
  6 kobolds
  5 rats
112 creatures vanquished.

Notes
Turn   | Place    | Note
-------+----------+-------------------------------------------
     0 | D:1      | kae the Ogre Air Elementalist began the quest for the Orb.
     0 | D:1      | Reached XP level 1. HP: 16/16 MP: 3/3
    58 | D:1      | Reached skill level 1 in Conjurations
   294 | D:1      | Reached XP level 2. HP: 23/24 MP: 0/5
   412 | D:1      | Reached skill level 3 in Air Magic
   533 | D:1      | Found a faded altar of an unknown god.
  1174 | D:2      | Reached XP level 3. HP: 29/31 MP: 4/7
  1177 | D:2      | Learned a level 2 spell: Static Discharge
  1181 | D:2      | Learned a level 3 spell: Swiftness
  1626 | D:2      | Found a glowing silver altar of Zin.
  2161 | D:3      | Reached XP level 4. HP: 39/39 MP: 6/8
  3081 | D:4      | Found a staircase to the Ecumenical Temple.
  3118 | Temple   | Entered the Ecumenical Temple
  3461 | Temple   | Became a worshipper of Gozag Ym Sagoz the Greedy
  3542 | D:4      | Noticed a phantom
  3609 | D:4      | Killed a phantom
  3610 | D:4      | Reached skill level 4 in Air Magic
  3610 | D:4      | Reached XP level 5. HP: 37/45 MP: 1/10
  3672 | D:4      | Noticed Robin
  3707 | D:3      | Killed Robin
  4182 | D:4      | Noticed Ijyb
  4190 | D:4      | Reached XP level 6. HP: 49/53 MP: 4/11
  4190 | D:4      | Killed Ijyb
  5147 | D:5      | Entered Level 5 of the Dungeon
  5166 | D:5      | Reached skill level 5 in Air Magic
  5303 | D:4      | HP: 2/53 [gnoll sergeant/+0 spear (9)]
  5589 | D:5      | Reached XP level 7. HP: 52/59 MP: 9/13
  6006 | D:5      | Reached skill level 5 in Spellcasting
  6046 | D:5      | Reached skill level 6 in Air Magic
  6058 | D:5      | Noticed Blork the orc
  6060 | D:5      | Found Penue's Antique Weapon Shop.
  6347 | D:5      | Killed Blork the orc
  6348 | D:5      | Reached XP level 8. HP: 29/67 MP: 5/15
  6353 | D:5      | Learned a level 4 spell: Airstrike
  7951 | D:6      | Noticed Maggie
  7952 | D:6      | Reached skill level 7 in Air Magic
  7969 | D:6      | HP: 2/67 [/static electricity (3)]
  7969 | D:6      | Killed from afar by Maggie

Illustrated notes

Levels and vault maps discovered:
D:1:      psy_arrival_heroes, layout_loops_ring,
          dreamdust_ecumenical_altar_statues
D:2:      kennysheep_six_static_rooms, layout_rooms, basic_altar
D:3:      layout_loops_cross, minmay_door_square, guppyfry_early_lair_pool
D:4:      layout_cave_pods, minmay_temple_entry_crystal_x, uniq_robin, uniq_ijyb
D:5:      layout_rooms, serial_shops, shop_statue, uniq_blork_the_orc
D:6:      layout_rooms, grunt_ministairs_11, grunt_decor_cap, uniq_maggie
Temple:   mainiacjoe_temple_circle_huts

Skill      XL: |  1  2  3  4  5  6  7  8 |
---------------+-------------------------+-----
Conjurations   | 1 2 3 4 |  4.5
Air Magic      | 3 4 5 6 7 |  7.0
Spellcasting   | 3 4 5 |  5.8
Dodging        | |  1.7
Stealth        | |  1.4

Action                   |  1- 3 |  4- 6 |  7- 9 || total
-------------------------+-------+-------+-------++-------
Melee: Unarmed           |    12 |       |       ||    12
       Whip              |    15 |    68 |       ||    83
       Club              |     8 |     6 |     5 ||    19
 Cast: Shock             |    66 |    52 |    75 ||   193
       Static Discharge  |       |    34 |    31 ||    65
  Use: Scroll            |     6 |     6 |     3 ||    15
       Potion            |       |     2 |       ||     2
 Stab: Sleeping          |     1 |       |       ||     1
Armor: Robe              |    18 |    30 |     6 ||    54
Dodge: Dodged            |    29 |    60 |    28 ||   117
Block: Other             |    11 |    34 |    14 ||    59

Table legend: (Time is in decaauts)
 A = Elapsed time spent in this place.
 B = Non-inter-level travel time spent in this place.
 C = Inter-level travel time spent in this place.
 D = Time resting spent in this place.
 E = Time spent auto-exploring this place.
 F = Levels seen in this place.
 G = Mean time per level.
                   A        B        C        D        E       F      G
               +--------+--------+--------+--------+--------+-----+--------+
         Total |   7987 |   7690 |    297 |    778 |   5939 |   7 | 1141.0 |
       Dungeon |   7623 |   7381 |    242 |    778 |   5651 |   6 | 1270.5 |
        Temple |    364 |    309 |     55 |      0 |    288 |   1 |  364.0 |
               +--------+--------+--------+--------+--------+-----+--------+

Top non-repeatable levels by time:
     D:4: 2174 daAuts
     D:5: 1656 daAuts
     D:1: 1092 daAuts
     D:2: 1038 daAuts
     D:3: 1033 daAuts
     D:6: 627 daAuts
  Temple: 364 daAuts
